 Dungeon Crawl Stone Soup version 0.29-a0-323-g050149af67 (webtiles) character file.

Game seed: 13176311468387287333

46 Jortsu the Skirmisher (level 3, 0/29 HPs)
             Began as a Demonspawn Fighter on Apr 12, 2022.
             Slain by an orc wizard
             ... wielding a +0 dagger
              (1 damage)
             ... on level 3 of the Dungeon.
             The game lasted 00:02:17 (2037 turns).

Jortsu the Skirmisher (Demonspawn Fighter)          Turns: 2037, Time: 00:02:18

Health: 0/29       AC:  6    Str: 18    XL:     3   Next: 44%
Magic:  3/3        EV:  9    Int:  9    God:
Gold:   155        SH:  6    Dex: 18    Spells: 2/2 levels left

rFire   + . .      SeeInvis .   a - +0 war axe
rCold   . . .      Faith    .   c - +1 buckler
rNeg    . . .      Spirit   .   b - +0 scale mail
rPois   .          Reflect  .   (no helmet)
rElec   .          Harm     .   (no cloak)
rCorr   .          Rampage  .   (no gloves)
Will    .....                   (no boots)
Stlth   ..........              (no amulet)
HPRegen 0.09/turn               j - ring of protection from fire
MPRegen 0.08/turn               m - +6 ring of dexterity

@: no status effects
A: demonic guardian 1, powered by death 1
a: no special abilities


You were on level 3 of the Dungeon.
You visited 1 branch of the dungeon, and saw 3 of its levels.

You collected 155 gold pieces.

Inventory:

Hand Weapons
 a - a +0 war axe (weapon)
Armour
 b - a +0 scale mail (worn)
 c - a +1 buckler (worn)
Jewellery
 h - a +6 ring of intelligence
 j - a ring of protection from fire (left hand)
 m - a +6 ring of dexterity (right hand)
Scrolls
 f - 4 scrolls of teleportation
 g - 2 scrolls of enchant armour
 l - a scroll of amnesia
Potions
 d - 3 potions of might
 e - 2 potions of flight
 i - a potion of curing
 k - a potion of mutation {unknown}
 n - a potion of degeneration {unknown}


   Skills:
 + Level 3.2 Fighting
 + Level 2.3 Axes
 + Level 3.0 Armour
 + Level 0.3 Dodging
 + Level 3.1 Shields


You had 2 spell levels left.
You didn't know any spells.
Your spell library contained the following spells:

 Spells                   Type           Power      Damage    Failure   Level
 Sting                    Tmut/Pois      0%         1d3       86%         1
 Poisonous Vapours        Pois/Air       0%         N/A       94%         2
 Olgreb's Toxic Radiance  Pois           0%         N/A       100%        4


Dungeon Overview and Level Annotations

Branches:
Dungeon (3/15)

Altars:


Innate Abilities, Weirdness & Mutations

A weak demonic guardian rushes to your aid.
You regenerate a little health from kills.


Message History

The orc wizard casts a spell.
The orc wizard flickers and vanishes!
Deactivating autopickup; reactivate with Ctrl-A.
You slash the orc!
You kill the orc!
Things that are here:
a +0 flail; an orc corpse Something hits you.
The orc priest casts a cantrip, but nothing happens.
You hit the orc priest.
The orc priest is moderately wounded.
You hit something.
The orc priest miscasts a cantrip.
Something hits you but does no damage.
You hit the orc priest.
The orc priest is heavily wounded.
You barely miss something. The orc priest barely misses you.
Something hits you but does no damage.
The orc priest hits you but does no damage.
Something hits you.
A demonic guardian appears!
You hit the orc priest.
The orc priest is severely wounded.
You closely miss something.
Your quasit bites something but does no damage.
Your quasit claws something.
Your quasit misses something. The orc priest closely misses you.
Something hits you.
You hit the orc priest but do no damage.
The orc priest is severely wounded.
You miss something. Your quasit misses something.
Your quasit barely misses something.
Your quasit claws something.
The orc priest hits you with a +0 dagger.
You hear some strange, mumbled words.
Something tries to affect you, but you resist.
Your quasit completely misses something. x2
Your quasit barely misses something.
The orc priest calls down the wrath of Beogh upon you.
Beogh smites you!
* * * LOW HITPOINT WARNING * * *
Something hits you.
You die...

#### ....##
#..5##########
#..#.{...#.....##
#...o@).......<#
#...............#
#...[..............#
#...........)......#
#...............#..#
#...............#..#
#.<.......(.....#
...
##.............##
#..


You could see an orc priest (ally target) and a friendly quasit (summoned).

Vanquished Creatures
  A worm (D:2)
  2 dart slugs (D:1)
  An orc (D:3)
  5 bats
  An endoplasm (D:2)
  A giant cockroach (D:1)
  4 goblins (D:1)
  A hobgoblin (D:1)
  3 jackals (D:2)
  4 kobolds
  A quokka (D:2)
  5 ball pythons
  2 frilled lizards
  5 rats
36 creatures vanquished.

Notes
Turn   | Place    | Note
-------+----------+-------------------------------------------
     0 | D:1      | Jortsu the Demonspawn Fighter began the quest for the Orb.
     0 | D:1      | Reached XP level 1. HP: 18/18 MP: 1/1
   248 | D:1      | Gained mutation: You regenerate a little health from kills.
                  | [demonic ancestry]
   248 | D:1      | Reached XP level 2. HP: 23/24 MP: 2/2
   284 | D:1      | You fall into a shaft and drop 1 floor!
   931 | D:1      | Gained mutation: A weak demonic guardian rushes to your
                  | aid. [demonic ancestry]
   931 | D:1      | Reached XP level 3. HP: 26/29 MP: 3/3
  2037 | D:3      | HP: 1/29 [orc priest/divine providence (9)]
  2037 | D:3      | Slain by an orc wizard

Illustrated notes

Levels and vault maps discovered:
D:1:      saegor_arrival_under_anarchy, layout_basic
D:2:      layout_loops_corners, nicolae_concentric_dashed_squares_mild
D:3:      layout_rooms, mainiacjoe_overflow_24_doors,
          shapermc_ecumenical_altar_mp_highgroup, gup_sewer_entry_spiral,
          minmay_misc_feat_doors, uniq_grinder

Skill      XL: |  1  2 |
---------------+-------+-----
Axes           | 2 |  2.3
Shields        | 3 |  3.1
Armour         | 3 |  3.0
Fighting       | |  3.2
Dodging        | |  0.3

Action                   || total
-------------------------++-------
Melee: War axe           ||    99
  Use: Scroll            ||     6
Armor: Scale mail        ||    71
Dodge: Dodged            ||    54
Block: Buckler           ||    33

Table legend: (Time is in decaauts)
 A = Elapsed time spent in this place.
 B = Non-inter-level travel time spent in this place.
 C = Inter-level travel time spent in this place.
 D = Time resting spent in this place.
 E = Time spent auto-exploring this place.
 F = Levels seen in this place.
 G = Mean time per level.
                   A        B        C        D        E       F      G
               +--------+--------+--------+--------+--------+-----+--------+
         Total |   2078 |   1976 |    102 |      0 |   1638 |   3 |  692.7 |
       Dungeon |   2078 |   1976 |    102 |      0 |   1638 |   3 |  692.7 |
               +--------+--------+--------+--------+--------+-----+--------+

Top non-repeatable levels by time:
     D:2: 1047 daAuts
     D:1: 1015 daAuts
     D:3: 16 daAuts
